 Dungeon Crawl Stone Soup version 0.21.1-1-g345015fe64 (webtiles) character file.

8934 KingHarkinian the Fighter (level 11, -1/93 HPs)
             Began as a Formicid Fighter on Apr 16, 2018.
             Was an Elder of Makhleb.
             Succumbed to barbed spike wounds
             ... on level 12 of the Dungeon.
             The game lasted 00:48:58 (10882 turns).

KingHarkinian the Fighter (Formicid Fighter)       Turns: 10882, Time: 00:48:59

Health: -1/93      AC: 16    Str: 25    XL:     11   Next: 65%
Magic:  11/11      EV:  8    Int:  9    God:    Makhleb [****..]
Gold:   600        SH: 16    Dex: 13    Spells: 10/10 levels left

rFire    . . .     SeeInvis +   l - +4 battleaxe (freeze)
rCold    . . .     Gourm    .   b - +0 shield
rNeg     . . .     Faith    .   B - +0 plate armour
rPois    .         Spirit   .   (helmet unavailable)
rElec    .         Reflect  +   m - +0 cloak
rCorr    +         Harm     .   (no gloves)
MR       +....     Clarity  +   f - +0 pair of boots
Stlth    ..........             s - +6 amulet of reflection
HPRegen  0.25/turn              g - ring of resist corrosion
MPRegen  0.12/turn              j - +3 ring of strength

@: barbed spikes
A: permanent stasis, dig shafts and tunnels, four strong arms, antennae 3,
blurry vision 1, clarity, clever 1, wild magic 1
a: Dig, Shaft Self, Minor Destruction, Lesser Servant of Makhleb, Major
Destruction, Renounce Religion


You were on level 12 of the Dungeon.
You worshipped Makhleb.
Makhleb was greatly pleased with you.
You were not hungry.

You visited 2 branches of the dungeon, and saw 13 of its levels.

You collected 600 gold pieces.


Innate Abilities, Weirdness & Mutations

You cannot be hasted, slowed, berserked, paralysed or teleported.
You can dig through walls and to a lower floor.
Your four strong arms can wield two-handed weapons with a shield.
You have a pair of large antennae on your head. (SInv)
Scrolls take you a little longer to read.
You possess an exceptional clarity of mind.
Your mind is acute. (Int +2)
Your spells are a little harder to cast, but a little more powerful.


   Skills:
 * Level 11.1 Fighting
 + Level 10.7 Axes
 + Level 8.3 Armour
 + Level 6.2 Dodging
 + Level 4.1 Shields


You had 10 spell levels left.
You didn't know any spells.

Inventory:

Hand Weapons
 l - a +4 battleaxe of freezing (weapon)
Missiles
 i - 216 stones
 q - 5 tomahawks (quivered)
 Z - 5 throwing nets {=f}
Armour
 b - a +0 shield (worn)
 f - a +0 pair of boots (worn)
 m - a +0 cloak (worn)
 x - a +2 cloak
 B - a +0 plate armour (worn)
Jewellery
 c - an uncursed ring of protection from cold
 g - a ring of resist corrosion (left hand)
 j - a +3 ring of strength (right hand)
 s - a +6 amulet of reflection (around neck)
 v - an uncursed ring of fire
Wands
 A - a wand of acid (8)
 C - a wand of disintegration (9)
 D - a wand of digging (12)
 I - a wand of iceblast (6)
 O - a wand of clouds (5)
 P - a wand of paralysis (17)
 S - a wand of scattershot (5)
 V - a wand of flame (26)
Scrolls
 d - a scroll of enchant armour {unknown}
 e - 3 scrolls of amnesia
 n - 3 scrolls of fear
 p - a scroll of fog
 r - 2 scrolls of teleportation {unknown}
 u - a scroll of enchant weapon {unknown}
 y - a scroll of brand weapon {unknown}
 N - 8 scrolls of remove curse
 R - a scroll of identify {@r1}
Potions
 h - 2 potions of magic
 o - 2 potions of heal wounds {@q2}
 Q - 3 potions of curing {@q1}
Books
 a - a book of Misfortune

   Spells                             Type                      Level
   a - Confusing Touch                Hexes                        1
   b - Confuse                        Hexes                        3
   c - Gell's Gravitas                Translocation                3
   d - Petrify                        Transmutation/Earth          4
   e - Metabolic Englaciation         Hexes/Ice                    5
   f - Yara's Violent Unravelling     Hexes/Transmutation          5
 k - a book of Maledictions

   Spells                             Type                      Level
   a - Corona                         Hexes                        1
   b - Ensorcelled Hibernation        Hexes/Ice                    2
   c - Confuse                        Hexes                        3
   d - Tukima's Dance                 Hexes                        3
   e - Dazzling Spray                 Conjuration/Hexes            3
Miscellaneous
 X - a phial of floods
Comestibles
 z - 17 rations

Dungeon Overview and Level Annotations

Branches:
Dungeon (13/15)            Temple (1/1) D:6          Vaults (0/5) D:13
   Lair: D:8-11         Orc: D:9-12

Altars:
Ashenzari
Cheibriados
Dithmenos
Elyvilon
Fedhas
Gozag
Hepliaklqana
Kikubaaqudgha
Makhleb
Nemelex Xobeh
Okawaru
Qazlal
Ru
Sif Muna
Trog
Uskayaw
Vehumet
Wu Jian
Xom
Yredelemnul
Zin
The Shining One

Shops:
D:4 }   D:9 }

Annotations:
D:5 Gargoyl's ghost, novice CeAK
D:8 exclusion: upstairs
D:10 exclusion: 2 sensed monsters (detected), Peloso's ghost, journeyman DsFi

..... ###
.... ..##...
..#.. ....
#..# #..#
#.@#####.#
###..#......
##...(..#
##..#Hc###
##..##..#
#....#.Z#
#.......#
#....#.(##
#....#.z?##


You could see a centaur warrior, a manticore, an enchanted long sword and a
bullfrog zombie.


Message History

The centaur warrior shoots an arrow.
The arrow hits the unseen horror!
You see here a scroll of identify {@r1}.
You block the unseen horror's attack. The enchanted long sword hits you!
* * * LOW HITPOINT WARNING * * *
A manticore comes into view.
The unseen horror barely misses you.
The centaur warrior shoots an arrow.
The arrow hits the unseen horror!!
The unseen horror dies!
You block the enchanted long sword's attack.
The manticore flicks its tail.
The volley of spikes reflects off an invisible shield around you!
The volley of spikes hits the manticore.
The manticore flicks its tail.
The volley of spikes hits you!
The barbed spikes become lodged in your body.
* * * LOW HITPOINT WARNING * * *
The barbs in your skin will harm you if you move.
Continue?
The barbed spikes dig painfully into your body as you move.
* * * LOW HITPOINT WARNING * * *
The enchanted long sword hits you but does no damage.
The barbed spikes dig painfully into your body as you move.
* * * LOW HITPOINT WARNING * * *
The barbed spikes dig painfully into your body as you move.
* * * LOW HITPOINT WARNING * * *
You block the enchanted long sword's attack.
The barbed spikes dig painfully into your body as you move.
You die...

Action                   |  1- 3 |  4- 6 |  7- 9 | 10-12 || total
-------------------------+-------+-------+-------+-------++-------
Melee: War axe           |    88 |   168 |   133 |       ||   389
       Hand axe          |       |       |   142 |       ||   142
       Battleaxe         |       |       |    15 |   251 ||   266
Throw: Stone             |    54 |    62 |     8 |    34 ||   158
       Tomahawk          |       |       |   108 |   108 ||   216
 Abil: Shaft Self        |       |       |       |     1 ||     1
  Use: Scroll            |       |     7 |     1 |     3 ||    11
       Potion            |       |     1 |     7 |     1 ||     9
 Stab: Invisible         |       |       |     1 |       ||     1
  Eat: Chunk             |     1 |     5 |    13 |    11 ||    30
       Ration            |       |       |       |     1 ||     1
Armor: Scale mail        |    41 |    45 |    48 |    31 ||   165
       Skin              |       |       |     3 |       ||     3
       Plate armour      |       |       |       |    24 ||    24
Dodge: Dodged            |    25 |    37 |    57 |    52 ||   171
Block: Shield            |    52 |   148 |   169 |   202 ||   571
       Reflection        |       |     1 |     5 |    16 ||    22

Vault maps used:
D:1:      minmay_arrival_glassed_features
D:2:      bloody_makhleb, tso_altar
D:3:      overflow_temple_1_default, grunt_ministairs_10
D:4:      grunt_temple_overflow_order_and_chaos_1,
          gammafunk_temple_overflow_statue, serial_shops, kennysheep_little_box,
          serial_glass, glass_columns_a, glass_columns_c, uniq_menkaure
D:5:      nicolae_ru_the_path_less_chosen, first_ration
D:6:      lemuel_round_altar, minmay_temple_entry_hall,
          kennysheep_generic_room_15, uniq_blork_the_orc
D:7:      grunt_ogre_cave, uniq_joseph
D:8:      fedhas_bush_and_centaur_altar, minivault_26, kennysheep_generic_room_7
D:9:      slow_altar_1, elyvilon_altar_5, nicolae_ashenzari_panopticon,
          nicolae_gozag_seed_capital, serial_shops, shop, uniq_grum
D:10:     minmay_unpleasant_kobolds, uniq_maurice
D:12:     orc_0_dummy, uniq_fannar
D:13:     erik_vaults_1, lab_entry_generic, jiyva_altar_1
Temple:   kb_temple_of_zot

Notes
Turn   | Place    | Note
-------+----------+-------------------------------------------
     0 | D:1      | KingHarkinian the Formicid Fighter began the quest for the Orb.
     0 | D:1      | Reached XP level 1. HP: 18/18 MP: 1/1
    74 | D:1      | Reached XP level 2. HP: 18/24 MP: 2/2
   225 | D:1      | Reached skill level 3 in Axes
   495 | D:1      | Reached XP level 3. HP: 29/29 MP: 3/3
  1057 | D:2      | Found a burning altar of Makhleb.
  1067 | D:2      | Reached skill level 4 in Axes
  1067 | D:2      | Reached XP level 4. HP: 26/35 MP: 4/4
  1276 | D:2      | Became a worshipper of Makhleb the Destroyer
  1503 | D:2      | Found a glowing golden altar of the Shining One.
  1933 | D:3      | Reached XP level 5. HP: 40/41 MP: 5/5
  1999 | D:3      | Reached skill level 5 in Axes
  2188 | D:3      | Found a sparkling altar of Nemelex Xobeh.
  2250 | D:3      | Reached * piety under Makhleb
  2253 | D:3      | Reached XP level 6. HP: 33/47 MP: 6/6
  2477 | D:4      | Found a bloodstained altar of Trog.
  2478 | D:4      | Found an ancient bone altar of Kikubaaqudgha.
  2579 | D:4      | Reached skill level 6 in Axes
  2609 | D:4      | Found Awnehobi's Gadget Shop.
  2790 | D:4      | Noticed Delanovic's ghost (amateur SpEn)
  2791 | D:4      | Noticed an angel
  2791 | D:4      | Found a glowing silver altar of Zin.
  2814 | D:4      | Killed Delanovic's ghost
  3226 | D:4      | Reached XP level 7. HP: 34/52 MP: 7/7
  3340 | D:4      | Noticed Menkaure
  3346 | D:4      | Killed Menkaure
  3346 | D:4      | Reached skill level 7 in Axes
  3364 | D:4      | Found a shimmering altar of Xom.
  3477 | D:5      | Entered Level 5 of the Dungeon
  3670 | D:5      | Found a sacrificial altar of Ru.
  3715 | D:5      | Reached skill level 8 in Axes
  3753 | D:5      | Reached XP level 8. HP: 36/60 MP: 8/8
  3871 | D:5      | Noticed Gargoyl's ghost (novice CeAK)
  3998 | D:5      | Reached skill level 4 in Fighting
  3998 | D:5      | Reached skill level 1 in Dodging
  4438 | D:5      | Reached skill level 4 in Armour
  4740 | D:5      | Reached skill level 5 in Fighting
  4755 | D:5      | Reached skill level 2 in Dodging
  5081 | D:6      | Gained mutation: You possess an exceptional clarity of mind. [potion of mutation]
  5081 | D:6      | Gained mutation: Scrolls take you a little longer to read. [potion of mutation]
  5081 | D:6      | Gained mutation: Your mind is acute. (Int +2) [potion of mutation]
  5081 | D:6      | Gained mutation: Your spells are a little harder to cast, but a little more powerful. [potion of mutation]
  5097 | D:6      | Reached ** piety under Makhleb
  5181 | D:6      | Noticed Blork the orc
  5191 | D:6      | Killed Blork the orc
  5191 | D:6      | Reached XP level 9. HP: 69/69 MP: 9/9
  5267 | D:6      | Reached skill level 6 in Fighting
  5714 | D:6      | Reached skill level 5 in Armour
  5745 | D:6      | Reached skill level 9 in Axes
  5847 | D:6      | Found a staircase to the Ecumenical Temple.
  6023 | D:6      | Noticed TimKlarigon's ghost (novice DsMo)
  6113 | Temple   | Entered the Ecumenical Temple
  6235 | D:6      | Found a hazy altar of Hepliaklqana.
  6236 | D:6      | Noticed a hippogriff
  6248 | D:6      | Killed a hippogriff
  6248 | D:6      | Reached skill level 3 in Dodging
  6488 | D:7      | Noticed Joseph
  6509 | D:7      | Killed Joseph
  6509 | D:7      | Reached skill level 7 in Fighting
  6782 | D:7      | Reached skill level 6 in Armour
  6782 | D:7      | Reached XP level 10. HP: 62/80 MP: 10/10
  6824 | D:7      | Reached skill level 4 in Dodging
  6954 | D:7      | Reached skill level 8 in Fighting
  7034 | D:7      | Reached *** piety under Makhleb
  7372 | D:6      | Killed TimKlarigon's ghost
  7618 | D:8      | Noticed a two-headed ogre
  7717 | D:7      | Reached skill level 9 in Fighting
  7945 | D:8      | Found a blossoming altar of Fedhas.
  8020 | D:8      | Reached skill level 10 in Axes
  8020 | D:8      | Reached skill level 7 in Armour
  8020 | D:8      | Reached skill level 5 in Dodging
  8223 | D:8      | Noticed a death knight
  8746 | D:9      | Found a snail-covered altar of Cheibriados.
  8869 | D:9      | Found a white marble altar of Elyvilon.
  8887 | D:9      | Found an opulent altar of Gozag.
  9013 | D:9      | Reached **** piety under Makhleb
  9051 | D:9      | Found Xiokhlah's Gadget Emporium.
  9134 | D:9      | Noticed Grum
  9143 | D:9      | Killed Grum
  9143 | D:9      | Reached XP level 11. HP: 52/90 MP: 11/11
  9145 | D:9      | Reached skill level 10 in Fighting
  9299 | D:9      | Found a shattered altar of Ashenzari.
  9774 | D:8      | Killed a two-headed ogre
  9867 | D:8      | Killed a death knight
 10176 | D:8      | Reached skill level 8 in Armour
 10337 | D:10     | Entered Level 10 of the Dungeon
 10337 | D:10     | Noticed a two-headed ogre
 10349 | D:10     | Killed a two-headed ogre
 10349 | D:10     | Reached skill level 6 in Dodging
 10417 | D:10     | Reached skill level 11 in Fighting
 10584 | D:10     | Noticed Maurice
 10598 | D:10     | Killed Maurice
 10598 | D:10     | Reached skill level 4 in Shields
 10683 | D:10     | Noticed Peloso's ghost (journeyman DsFi)
 10812 | D:10     | You are sucked into a shaft for 3 floors!
 10825 | D:13     | Noticed a six-headed hydra
 10826 | D:13     | Noticed a two-headed ogre
 10848 | D:13     | Noticed a manticore
 10851 | D:13     | Noticed an enchanted long sword
 10852 | D:13     | Found a gate to the Vaults.
 10853 | D:13     | Noticed an enchanted long sword
 10860 | D:12     | Noticed a centaur warrior
 10861 | D:12     | Noticed an unseen horror
 10864 | D:12     | Noticed a skeletal warrior
 10865 | D:12     | Noticed a skeletal warrior
 10865 | D:12     | Noticed a skeletal warrior
 10876 | D:12     | Noticed a manticore
 10876 | D:12     | Killed an unseen horror
 10881 | D:12     | HP: 5/93 [barbs]
 10882 | D:12     | Succumbed to barbed spike wounds

Vanquished Creatures
  A death knight (D:8)
  2 two-headed ogres
  Maurice (D:10)
  Joseph (D:7)
  The ghost of TimKlarigon the Covered, a novice DsMo (D:6)
  A hippogriff (D:6)
  A wyvern (D:8)
  6 yaks
  Grum (D:9)
  Menkaure (D:4)
  A hornet zombie (D:10)
  2 black bears
  3 sky beasts (D:5)
  A phantom (D:9)
  3 ice beasts
  5 ogres
  4 orc warriors
  2 wolves (D:9)
  3 centaurs
  2 bullfrogs
  A big kobold (D:9)
  Blork the orc (D:6)
  The ghost of Delanovic the Sneak, an amateur SpEn (D:4)
  2 scorpions
  9 wights
  4 howler monkeys
  6 crimson imps
  5 orc priests
  2 jellies
  4 bullfrog skeletons
  5 hounds
  7 orc wizards
  4 iguanas
  3 worker ants
  A mummy (D:9)
  A worker ant zombie (D:5)
  8 adders
  7 gnolls (D:3)
  2 shadow imps
  An adder zombie (D:6)
  2 worms (D:3)
  A dart slug (D:1)
  2 leopard geckos
  28 orcs
  3 ball pythons
  3 giant cockroaches
  4 goblins
  12 hobgoblins
  6 jackals
  8 kobolds
  3 quokkas
  5 bats
  4 frilled lizards
  A leopard gecko skeleton (D:4)
  A leopard gecko zombie (D:6)
  A quokka skeleton (D:7)
  2 quokka zombies (D:6)
  7 rats
209 creatures vanquished.

Vanquished Creatures (others)
  An unseen horror (D:12)
  A centaur (D:8)
  An orc (D:7)
  A kobold (D:9)
4 creatures vanquished.

Grand Total: 213 creatures vanquished
